 Dungeon Crawl Stone Soup version 0.17.2-1-ge4368a0 (webtiles) character file.

22 magog001 the Sneak (level 2, 0/19 HPs)
             Began as an Octopode Assassin on Oct 1, 2016.
             Slain by a goblin
             ... wielding a +0 club
             ... led by Robin
              (6 damage)
             ... on level 2 of the Dungeon.
             The game lasted 00:07:46 (1061 turns).

magog001 the Sneak (Octopode Assassin)              Turns: 1061, Time: 00:07:46

Health: 0/19       AC:  1    Str: 10    XL:     2   Next: 91%
Magic:  11/11      EV: 12    Int: 13    God:
Gold:   59         SH:  0    Dex: 13    Spells: 0 memorised, 1 level left

rFire  . . .     SeeInvis .     b - +0 blowgun
rCold  . . .     Clarity  .     (no shield)
rNeg   . . .     SustAt   .     (helmet restricted)
rPois  .         Gourm    .     (no amulet)
rElec  .         Spirit   .     m - ring of magical power
rCorr  .         Warding  .     (no ring)
rMut   .         Stasis   .     (no ring)
MR     .....                    (no ring)
Stlth  +++++.....               (no ring)
                                (no ring)
                                (no ring)
                                (no ring)

@: not resistant to hostile enchantments, quite stealthy
A: almost no armour, amphibious, 8 rings, constrict 8, camouflage 1, gelatinous
body 1
a: no special abilities


You were on level 2 of the Dungeon.
You were not hungry.

You visited 1 branch of the dungeon, and saw 2 of its levels.

You collected 59 gold pieces.

Inventory:

Hand Weapons
 a - a +2 dagger
 b - a +0 blowgun (weapon)
Missiles
 c - 12 poisoned needles (quivered)
 d - 2 curare-tipped needles
 h - 13 poisoned sling bullets
 i - 44 stones
 o - 17 sling bullets
Jewellery
 m - a ring of magical power (left tentacle)
Scrolls
 f - a scroll of amnesia {unknown}
 g - a scroll of recharging {unknown}
 j - a scroll of magic mapping {unknown}
 n - 2 scrolls of identify {unknown}
 q - a scroll of noise {unknown}
 r - a scroll of random uselessness {unknown}
 u - a scroll of immolation {unknown}
Potions
 l - a potion of cancellation {unknown}
 t - 2 potions of curing {unknown}
Comestibles
 e - a bread ration
 k - a meat ration
 p - 16 chunks of flesh
 s - 6 fruits


   Skills:
 + Level 2.1 Fighting
 + Level 2.0 Short Blades
 * Level 2.2 Throwing
 * Level 1.2 Dodging
 * Level 6.2 Stealth


You had one spell level left.
You didn't know any spells.

Dungeon Overview and Level Annotations

Branches:
Dungeon (2/15)

Altars:

Annotations:
D:2 Robin


Innate Abilities, Weirdness & Mutations

You cannot wear most types of armour.
You are amphibious.
You can wear up to eight rings at the same time.
You can use your tentacles to constrict eight enemies at once.
Your skin changes colour to match your surroundings (Stealth).
Your rubbery body absorbs attacks (AC +1).


Message History

The goblin unwields an uncursed hunting sling.
The goblin wields an uncursed dagger of draining.
You sense an unholy aura.
The goblin closely misses you.
The goblin unwields an uncursed dagger of draining.
The goblin wields an uncursed hunting sling.
The goblin shoots a stone.
The stone hits you. Robin throws the goblin at you!
The goblin closely misses you.
Robin zaps a wand.
Robin seems to speed up.
It is a wand of hasting.
The goblin barely misses you.
The goblin shoots a stone.
The stone hits you.
* * * LOW HITPOINT WARNING * * *
You see here a stone.
Robin roars a battlecry!
The goblins go into a battle-frenzy!
Robin points. "Kill!"
The goblin shoots a stone.
The stone barely misses you.
Robin laughs in a distinctly smug fashion.
Robin throws the goblin at you! The goblin hits you with a club.
You die...

#. ####### #. #.....# ####.
#.....# #...รท
###################.....###....
##......>.......................
#.........######...#......##....
#.........######)..####...#####.
#.....(...##.g.@...# ##### #.
#........g.g....g..# #.
#.................)#############
#...................))).........
##.#######....##################
... ###### (.. (.


You could see Robin and 3 goblins.

Vanquished Creatures
  5 hobgoblins
  6 bats
  A giant cockroach (D:2)
  2 giant newts (D:1)
  4 goblins
  3 kobolds (D:1)
  2 rats
23 creatures vanquished.

Notes
Turn   | Place    | Note
--------------------------------------------------------------
     0 | D:1      | magog001 the Octopode Assassin began the quest for the Orb.
     0 | D:1      | Reached XP level 1. HP: 14/14 MP: 1/1
   407 | D:1      | Reached XP level 2. HP: 13/19 MP: 2/2
   856 | D:1      | Reached skill level 6 in Stealth
   996 | D:2      | Noticed Robin
  1061 | D:2      | Slain by a goblin

Action                   || total
-------------------------++-------
Melee: Dagger            ||    39
 Fire: Blowgun           ||     8
 Stab: Sleeping          ||     8
